 Dungeon Crawl Stone Soup version 0.24.0-13-gcf9b3192b9 (webtiles) character file.

Game seed: 13424856584522861718, levelgen mode: deterministic

18120 Arum the Fighter (level 12, -17/103 HPs)
             Began as a Formicid Fighter on Nov 5, 2019.
             Was a High Priest of Okawaru.
             Demolished by a wolf spider simulacrum (32 damage)
             ... on level 13 of the Dungeon.
             The game lasted 00:22:25 (12877 turns).

Arum the Fighter (Formicid Fighter)                Turns: 12877, Time: 00:22:25

Health: -17/103    AC: 11    Str: 27    XL:     12   Next: 91%
Magic:  0/15       EV: 10    Int:  7    God:    Okawaru [*****.]
Gold:   476        SH: 12    Dex: 14    Spells: 11/11 levels left

rFire    . . .     SeeInvis +   x - +9 glaive of Spores {drain, Dex+4}
rCold    . . .     Gourm    .   c - +0 shield
rNeg     . . .     Faith    .   b - +0 scale mail
rPois    .         Spirit   +   (helmet unavailable)
rElec    .         Reflect  .   k - scarf {Spirit}
rCorr    .         Harm     .   (no gloves)
MR       ++...                  l - +1 pair of boots
Stlth    ..........             y - amulet of magic regeneration
HPRegen  0.27/turn              B - ring of protection from magic
MPRegen  0.39/turn              (no ring)

@: finesse
A: permanent stasis, dig shafts and tunnels, four strong arms, antennae 3
a: Dig, Shaft Self, Heroism, Finesse, Renounce Religion


You were on level 13 of the Dungeon.
You worshipped Okawaru.
Okawaru was extremely pleased with you.
You were not hungry.

You visited 1 branch of the dungeon, and saw 15 of its levels.

You collected 621 gold pieces.
You spent 145 gold pieces at shops.

Inventory:

Hand Weapons
 a - a +0 quarterstaff
 x - the +9 glaive of Spores (weapon) {drain, Dex+4}
   (Okawaru gifted it to you on level 11 of the Dungeon)

   A truly terrible weapon, it drains the life of those it strikes.
   It affects your dexterity (+4).
Missiles
 D - 5 silver javelins (quivered)
Armour
 b - a +0 scale mail (worn)
 c - a +0 shield (worn)
 k - a scarf of spirit shield (worn)
 l - a +1 pair of boots (worn)
 m - a +0 cloak
Jewellery
 y - an amulet of magic regeneration (around neck)
 B - a ring of protection from magic (left hand)
Wands
 o - a wand of iceblast (7)
 w - a wand of digging (9)
 A - a wand of enslavement (17)
 J - a wand of random effects (14)
Scrolls
 e - 11 scrolls of remove curse
 g - 4 scrolls of amnesia
 j - 6 scrolls of identify
 n - 5 scrolls of enchant weapon
 p - a scroll of magic mapping
 q - 3 scrolls of enchant armour
 r - 3 scrolls of immolation
 v - 5 scrolls of fog
 C - 2 scrolls of torment
 G - a scroll of silence
 H - 2 scrolls of fear {unknown}
Potions
 d - a potion of might
 h - 2 potions of curing
 i - a potion of mutation {unknown}
 s - 2 potions of lignification
 t - 3 potions of brilliance {unknown}
 z - 2 potions of invisibility {unknown}
 E - a potion of agility {unknown}
 F - 2 potions of berserk rage {unknown}
Miscellaneous
 u - a phial of floods
Comestibles
 f - 30 rations
 K - 4 chunks of flesh


   Skills:
 + Level 12.7 Fighting
 + Level 5.5(8.6) Polearms
 - Level 10.2(10.8) Staves
 + Level 10.7 Armour
 - Level 9.0 Shields
 - Level 5.0 Invocations


You had 11 spell levels left.
You didn't know any spells.
Your spell library contained the following spells:

 Spells                   Type           Power        Failure   Level  Hunger
 Shock                    Conj/Air       #...         65%         1    ##.....
 Summon Small Mammal      Summ           #...         65%         1    ##.....
 Call Imp                 Summ           #.......     80%         2    ###....
 Swiftness                Chrm/Air       #.......     80%         2    ###....
 Call Canine Familiar     Summ           #.......     95%         3    ####...
 Static Discharge         Conj/Air       #.......     95%         3    ####...
 Summon Guardian Golem    Hex/Summ       #.......     95%         3    ####...
 Airstrike                Air            #.........   100%        4    #####..
 Summon Ice Beast         Ice/Summ       #.......     100%        4    #####..
 Summon Lightning Spire   Summ/Air       #.......     100%        4    #####..
 Lightning Bolt           Conj/Air       #.........   100%        5    ######.


Dungeon Overview and Level Annotations

Branches:
Dungeon (15/15)            Temple (0/1) D:5            Lair (0/6) D:9
    Orc (0/2) D:10
 Vaults: D:13-14     Depths: D:15

Altars:
Ashenzari
Kikubaaqudgha
Makhleb
Nemelex Xobeh
Okawaru
Ru
Vehumet
Zin
The Shining One
Beogh
Jiyva

Shops:
D:4 =   D:8 [   D:10 *

Annotations:
D:9 2 transporters


Innate Abilities, Weirdness & Mutations

You cannot be hasted, slowed, berserked, paralysed or teleported.
You can dig through walls and to a lower floor.
Your four strong arms can wield two-handed weapons with a shield.
You have a pair of large antennae on your head. (SInv)


Message History

The wolf spider simulacrum bites you but does no damage.
You can now deal lightning-fast blows.
The efreet barely misses you. The wolf spider simulacrum hits you.
The wolf spider simulacrum freezes you!
* * * LOW HITPOINT WARNING * * *
The wolf spider simulacrum bites you but does no damage.
The ogre barely misses you.
You don't have enough magic at the moment.
You hit the efreet but do no damage.
The efreet is heavily wounded.
The efreet hits you but does no damage.
The wolf spider simulacrum misses you. x2
You slash the efreet!
The efreet is almost dead.
The ogre hits you with a +0 giant club!
* * * LOW HITPOINT WARNING * * *
You block the wolf spider simulacrum's attack.
The wolf spider simulacrum bites you.
* * * LOW HITPOINT WARNING * * *
The wolf spider simulacrum freezes you!!
You die...

..# ..#####
..#...#
.......
###.......
##.........
###>.Z.......
#....@R...!..
#^.[..O......
#.............
#...<.........
##............
##.......%...
##..........
##.........


You could see an efreet, an ogre and a wolf spider simulacrum.

Vanquished Creatures
  A centaur warrior (D:15)
  3 death yaks
  3 two-headed ogres
  An unseen horror (D:15)
  A wizard (D:14)
  5 ugly things (D:15)
  2 cyclopes
  A centaur zombie (D:15)
  Joseph (D:7)
  Psyche (D:10)
  A centaur skeleton (D:12)
  A hornet (D:10)
  3 trolls
  3 meliai (D:15)
  Grinder (D:6)
  2 hippogriffs
  A spriggan (D:8)
  A shadow (D:15)
  A wyvern (D:10)
  2 water moccasins (D:10)
  An orc warrior (D:15)
  2 porcupines
  4 sky beasts
  2 ice beasts
  2 phantoms (D:10)
  8 centaurs
  2 necrophages
  5 ogres
  A tengu (D:2)
  4 big kobolds
  8 bullfrogs
  A wyvern zombie (D:11)
  3 scorpions (D:10)
  8 killer bees
  9 wights
  2 howler monkeys (D:8)
  6 crimson imps
  A quasit (D:7)
  7 jellies
  A bullfrog skeleton (D:8)
  7 orc priests
  3 hounds
  8 orc wizards
  4 iguanas
  9 worker ants
  2 worker ant zombies
  7 gnolls
  14 adders
  2 river rats (D:9)
  2 shadow imps
  An ooze (D:3)
  2 adder zombies
  5 worms
  3 dart slugs
  4 leopard geckos
  41 orcs
  8 bats
  5 giant cockroaches
  10 goblins
  10 hobgoblins
  14 jackals
  6 quokkas
  5 ball pythons
  7 frilled lizards
  A jackal skeleton (D:4)
  27 kobolds
  A leopard gecko skeleton (D:5)
  A quokka zombie (D:5)
  9 rats
  2 plants
332 creatures vanquished.

Vanquished Creatures (others)
  Maurice (D:11)
1 creature vanquished.

Grand Total: 333 creatures vanquished

Notes
Turn   | Place    | Note
-------+----------+-------------------------------------------
     0 | D:1      | Arum the Formicid Fighter began the quest for the Orb.
     0 | D:1      | Reached XP level 1. HP: 18/18 MP: 1/1
    39 | D:1      | Reached XP level 2. HP: 23/24 MP: 2/2
   234 | D:1      | Reached XP level 3. HP: 30/30 MP: 3/3
   588 | D:2      | Reached XP level 4. HP: 35/37 MP: 4/4
   623 | D:2      | Reached skill level 4 in Fighting
   628 | D:2      | Noticed an ogre
  1362 | D:2      | Noticed a bullfrog
  1362 | D:2      | an ogre changed into a bullfrog
  1363 | D:2      | Noticed a wyvern
  1363 | D:2      | a bullfrog changed into a wyvern
  1364 | D:2      | Noticed a tengu
  1364 | D:2      | a wyvern changed into a tengu
  1378 | D:2      | Killed a tengu
  1378 | D:2      | Reached skill level 5 in Shields
  1378 | D:2      | Reached XP level 5. HP: 17/43 MP: 5/5
  1974 | D:3      | Reached XP level 6. HP: 23/49 MP: 6/6
  2511 | D:3      | Reached skill level 5 in Fighting
  3185 | D:4      | Noticed an ogre
  3191 | D:4      | Killed an ogre
  3191 | D:4      | Reached XP level 7. HP: 35/56 MP: 7/7
  3484 | D:4      | Found a shattered altar of Ashenzari.
  3484 | D:4      | Found an ancient bone altar of Kikubaaqudgha.
  3495 | D:4      | Found an iron altar of Okawaru.
  3497 | D:4      | Found a glowing golden altar of the Shining One.
  3498 | D:4      | Found a radiant altar of Vehumet.
  3503 | D:4      | Became a worshipper of Warmaster Okawaru
  3512 | D:4      | Found Guiqoeta's Jewellery Boutique.
  3650 | D:4      | Noticed Edmund
  3657 | D:4      | Noticed Edmund
  3657 | D:4      | Edmund changed into Edmund the porcupine
  3666 | D:4      | Killed Edmund the porcupine
  4395 | D:5      | Entered Level 5 of the Dungeon
  4585 | D:5      | Found a staircase to the Ecumenical Temple.
  4721 | D:5      | Reached skill level 6 in Fighting
  5100 | D:6      | Reached skill level 5 in Staves
  5194 | D:6      | Reached XP level 8. HP: 62/64 MP: 8/8
  5263 | D:6      | Reached * piety under Okawaru
  5674 | D:6      | Noticed Grinder
  5695 | D:6      | Killed Grinder
  5695 | D:6      | Reached skill level 7 in Fighting
  5753 | D:6      | Noticed a two-headed ogre
  5756 | D:6      | Noticed a deep troll
  5756 | D:6      | a two-headed ogre changed into a deep troll
  5879 | D:6      | Found a burning altar of Makhleb.
  5894 | D:6      | Found a glowing silver altar of Zin.
  5894 | D:6      | Noticed an angel
  5895 | D:6      | Noticed a green death
  5933 | D:6      | Found a sacrificial altar of Ru.
  5985 | D:7      | Noticed Joseph
  5995 | D:7      | Killed Joseph
  5995 | D:7      | Reached ** piety under Okawaru
  5995 | D:7      | Reached XP level 9. HP: 64/73 MP: 9/9
  6096 | D:7      | Found a sparkling altar of Nemelex Xobeh.
  6214 | D:7      | Reached skill level 8 in Fighting
  6460 | D:7      | Reached skill level 1 in Invocations
  6654 | D:8      | Found Nypsabin's Armour Emporium.
  6721 | D:8      | Reached *** piety under Okawaru
  7502 | D:9      | Found a viscous altar of Jiyva.
  7511 | D:8      | Reached XP level 10. HP: 81/82 MP: 12/12
  7651 | D:9      | Found a transporter.
  7653 | D:9      | Found a transporter.
  7974 | D:9      | Noticed a death yak
  7984 | D:9      | Noticed a death yak
  7991 | D:9      | Noticed a death yak
  7999 | D:9      | Killed a death yak
  7999 | D:9      | Reached **** piety under Okawaru
  7999 | D:9      | Reached skill level 9 in Fighting
  7999 | D:9      | Reached skill level 5 in Armour
  8064 | D:8      | Reached skill level 5 in Invocations
  8370 | D:9      | Found a staircase to the Lair.
  8687 | D:8      | Killed a death yak
  8851 | D:9      | Killed a death yak
  8851 | D:9      | Reached skill level 10 in Fighting
  8851 | D:9      | Reached XP level 11. HP: 70/90 MP: 14/14
  9163 | D:10     | Entered Level 10 of the Dungeon
  9181 | D:10     | Reached ***** piety under Okawaru
  9189 | D:10     | Found Viufuf's Assorted Antiques.
  9222 | D:10     | Bought a scroll labeled SUXKIC QEV for 29 gold pieces
  9222 | D:10     | Bought a scroll labeled ZENULI JACWY for 29 gold pieces
  9222 | D:10     | Bought a scroll labeled PUSUAWK KOTEA for 29 gold pieces
  9222 | D:10     | Bought a scroll labeled SUXKIC QEV for 29 gold pieces
  9222 | D:10     | Bought a scroll labeled VIHUM KIKHLEONK for 29 gold pieces
  9517 | D:10     | Found a staircase to the Orcish Mines.
  9568 | D:10     | Found a roughly hewn altar of Beogh.
  9624 | D:10     | Noticed Psyche
  9629 | D:10     | Killed Psyche
  9629 | D:10     | Received a gift from Okawaru
  9830 | D:10     | Noticed a two-headed ogre
  9843 | D:10     | Killed a two-headed ogre
 10293 | D:10     | Reached skill level 11 in Fighting
 10596 | D:11     | Noticed a two-headed ogre
 10598 | D:11     | Noticed a two-headed ogre
 10612 | D:11     | Killed a two-headed ogre
 10612 | D:11     | Reached skill level 10 in Staves
 10621 | D:11     | Killed a two-headed ogre
 10851 | D:11     | Noticed a cyclops
 10878 | D:11     | Killed a cyclops
 10878 | D:11     | Received a gift from Okawaru
 10881 | D:11     | Got an ichor-stained glaive {god gift}
 10882 | D:11     | Identified the +9 glaive of Spores {drain, Dex+4} (Okawaru
                  | gifted it to you on level 11 of the Dungeon)
 11148 | D:11     | Reached skill level 1 in Polearms
 11286 | D:11     | Noticed Maurice
 11295 | D:11     | Killed Maurice
 11295 | D:11     | Reached XP level 12. HP: 87/100 MP: 15/15
 11557 | D:12     | You fall into a shaft and drop 3 floors!
 11557 | D:15     | Entered Level 15 of the Dungeon
 11641 | D:15     | Noticed an unseen horror
 11643 | D:15     | Killed an unseen horror
 11695 | D:15     | Reached ****** piety under Okawaru
 11704 | D:15     | Noticed a centaur warrior
 11710 | D:15     | Killed a centaur warrior
 11710 | D:15     | Reached skill level 12 in Fighting
 11841 | D:15     | Reached skill level 10 in Armour
 11847 | D:15     | Received a gift from Okawaru
 12456 | D:15     | Reached skill level 5 in Polearms
 12559 | D:14     | Noticed a wizard
 12574 | D:14     | Killed a wizard
 12877 | D:13     | Demolished by a wolf spider simulacrum

Levels and vault maps discovered:
D:1:      dpeg_arrival_tiny_i, layout_rooms, serial_bayou_pond_e,
          grunt_decor_cap
D:2:      layout_basic, serial_forest, infiniplex_forest_lined_room_2,
          infiniplex_forest_straight_3, infiniplex_forest_straight_2,
          infiniplex_forest_corner_2
D:3:      layout_loops_cross, kennysheep_nondescript, saegor_snake_ambush
D:4:      layout_layer_cave, grunt_temple_overflow_open, serial_shops, shop,
          uniq_edmund
D:5:      layout_loops_ring, minmay_temple_entry_large_hall, first_ration
D:6:      layout_rooms, grunt_temple_overflow_order_and_chaos_2, basic_altar,
          kennysheep_small_square, uniq_grinder
D:7:      layout_loops_ring, nemelex_xobeh_ov_fountains_minmay, uniq_joseph
D:8:      layout_rooms, serial_shops, shop, the_bakery
D:9:      gammafunk_steamed_eel, layout_long_grid, dpeg_lair_monsters,
          jiyva_altar_1
D:10:     layout_layer_cave, minmay_orc_entry_temple_small, serial_shops, shop,
          uniq_psyche
D:11:     layout_roguey, uniq_maurice
D:12:     layout_loops_ring, minmay_variable_closet
D:13:     layout_cave_pods, david_vaults_2, minmay_ruined_shrine, uniq_snorg
D:14:     layout_loops_corners, serial_shops, nicolae_shop_crystal,
          minivault_23, nicolae_lava_and_water
D:15:     grunt_enter_depths_magical_seal, layout_irregular_city,
          grunt_decor_clamped, grunt_ministairs_2

Skill      XL: |  1  2  3  4  5  6  7  8  9 10 11 12 |
---------------+-------------------------------------+-----
Shields        | 4 5 6 8 9 |  9.0
Fighting       | 4 5 6 7 8 10 11 12 | 12.7
Staves         | 3 4 5 6 7 8 10 | 10.2
Invocations    | 3 5 |  5.0
Armour         | 4 6 9 10 | 10.7
Polearms       | 1 5 |  5.5

Action                   |  1- 3 |  4- 6 |  7- 9 | 10-12 || total
-------------------------+-------+-------+-------+-------++-------
Melee: Quarterstaff      |   121 |   259 |   413 |   438 ||  1231
       Glaive            |       |       |       |   186 ||   186
Throw: Javelin           |       |       |       |     3 ||     3
Invok: Heroism           |       |       |       |     7 ||     7
       Finesse           |       |       |       |     2 ||     2
 Abil: Dig               |     3 |     1 |       |     3 ||     7
Evoke: Wand              |       |     3 |     7 |     2 ||    12
  Use: Potion            |       |       |       |     7 ||     7
       Scroll            |       |       |       |    16 ||    16
  Eat: Chunk             |       |     8 |    14 |    19 ||    41
Armor: Scale mail        |    58 |    88 |   107 |   167 ||   420
Dodge: Dodged            |    58 |    75 |   126 |   177 ||   436
Block: Shield            |    67 |   132 |   210 |   340 ||   749
